 Dungeon Crawl Stone Soup version 0.21-a0-283-g622b906 (webtiles) character file.

58507 nikopol the Eclecticist (level 14, -14/71 HPs)
             Began as a Deep Elf Fire Elementalist on Sept 24, 2017.
             Was a High Priest of Vehumet.
             Shot with a bolt by an orc knight (25 damage)
             ... on level 2 of the Orcish Mines.
             The game lasted 02:31:25 (27929 turns).

nikopol the Eclecticist (DEFE)                     Turns: 27929, Time: 02:31:25

Health: -14/71     AC: 10    Str:  5    XL:     14   Next: 49%
Magic:  3/38       EV: 16    Int: 33    God:    Vehumet [*****.]
Gold:   2287       SH:  0    Dex: 15    Spells: 25/50 levels left

rFire    + . .     SeeInvis .   y - staff of fire
rCold    + . .     Gourm    .   (no shield)
rNeg     . . .     Faith    .   V - +2 robe {rC+}
rPois    .         Spirit   .   X - +2 hat {Int+3}
rElec    .         Reflect  .   T - +0 cloak
rCorr    .         Harm     .   C - +1 pair of gloves
MR       +....                  Y - +0 pair of boots
Stlth    +++.......             (no amulet)
HPRegen  0.21/turn              o - +4 ring of intelligence
MPRegen  0.26/turn              M - ring of flight

@: no status effects
A: no striking features
a: Renounce Religion, Evoke Flight


You were on level 2 of the Orcish Mines.
You worshipped Vehumet.
Vehumet was extremely pleased with you.
You were not hungry.

You visited 3 branches of the dungeon, and saw 20 of its levels.
You also visited: Ice Cave.

You collected 2514 gold pieces.
You spent 227 gold pieces at shops.

Inventory:

Hand Weapons
 B - a +2 dagger of speed
Armour
 m - a +2 cloak of cold resistance
 C - a +1 pair of gloves (worn)
 I - a +2 robe of fire resistance
 T - a +0 cloak (worn)
 V - a +2 robe of cold resistance (worn)
 X - a +2 hat of intelligence (worn)
 Y - a +0 pair of boots (worn)
Magical Staves
 y - an uncursed staff of fire (weapon)
 W - a cursed staff of power
Jewellery
 o - a +4 ring of intelligence (left hand)
 L - an uncursed ring of see invisible {unknown}
 M - a ring of flight (right hand)
Wands
 a - a wand of flame (13/48)
 e - a wand of flame (34/48)
 v - a wand of paralysis (21/24)
 E - a wand of enslavement (9/24)
 K - a wand of iceblast (8/15)
 O - a wand of digging (13/24)
 S - a wand of lightning (9/15)
Scrolls
 h - 4 scrolls of magic mapping
 k - 2 scrolls of remove curse
 p - 4 scrolls of enchant weapon
 s - 3 scrolls of identify
 x - 2 scrolls of recharging
 A - 2 scrolls of enchant armour
 H - 6 scrolls of amnesia
 Q - a scroll of fog {unknown}
 U - 6 scrolls of teleportation
Potions
 d - 9 potions of curing
 f - 2 potions of degeneration {unknown}
 g - 3 potions of flight
 j - 3 potions of lignification
 l - a potion of resistance
 n - a potion of mutation
 r - a potion of invisibility
 w - 3 potions of agility
 z - 5 potions of ambrosia
 D - a potion of magic
 G - 5 potions of heal wounds
 J - 4 potions of might
 P - a potion of berserk rage {unknown}
 R - 2 potions of haste {unknown}
 Z - a potion of experience {unknown}
Books
 i - a book of Air

   Spells                             Type                      Level
   a - Shock                          Conjuration/Air              1
   b - Swiftness                      Charms/Air                   2
   c - Static Discharge               Conjuration/Air              3
   d - Airstrike                      Air                          4
   e - Lightning Bolt                 Conjuration/Air              5
Miscellaneous
 b - a lightning rod (4/4)
 q - a crystal ball of energy
Comestibles
 c - 11 bread rations
 t - 4 chunks of flesh
 u - 10 royal jellies
 F - 32 fruits
 N - 9 meat rations


   Skills:
 + Level 1.9 Fighting
 + Level 0.4 Short Blades
 + Level 6.1 Dodging
 + Level 5.4 Stealth
 + Level 18.6 Spellcasting
 + Level 14.3 Conjurations
 + Level 0.8 Charms
 + Level 15.3 Fire Magic
 + Level 0.4 Air Magic
 + Level 1.0 Earth Magic


You had 25 spell levels left.
You knew the following spells:

 Your Spells              Type           Power        Failure   Level  Hunger
a - Flame Tongue          Conj/Fire      #####        0%          1    None
b - Throw Flame           Conj/Fire      ######       0%          2    None
c - Conjure Flame         Conj/Fire      ########     0%          3    None
d - Fireball              Conj/Fire      ########..   1%          5    None
e - Throw Frost           Conj/Ice       ######       1%          2    None
f - Lightning Bolt        Conj/Air       ######....   1%          5    None
g - Swiftness             Chrm/Air       ####....     1%          2    None
h - Bolt of Magma         Conj/Fire/Erth #######...   1%          5    None


Dungeon Overview and Level Annotations

Branches:
Dungeon (12/15)            Temple (0/1) D:6            Lair (6/6) D:8
 Shoals (0/4) Lair:2        Snake (0/4) Lair:4        Slime (0/5) Lair:5
    Orc (2/2) D:12            Elf (0/3) Orc:2

Altars:
Ashenzari
Cheibriados
Fedhas
Gozag
Hepliaklqana
Kikubaaqudgha
Makhleb
Nemelex Xobeh
Sif Muna
Uskayaw
Vehumet
Xom
Yredelemnul
Zin
Beogh
Jiyva

Shops:
D:4 ?   D:9 ((!   D:11 *   Orc:2 [?([

Annotations:
D:12 exclusion: orange crystal statue


Message History

You feel strangely unstable.
The orc shouts! x2; The orc wizard shouts!
The orc wizard points at you and mumbles some strange words.
The magic dart hits you! 2 centaurs come into view.
An orc warrior comes into view. It is wielding a halberd.
The centaur shouts!
The centaur wields a shortbow.
The centaur shoots an arrow.
The arrow hits you but does no damage.
The orc unwields an uncursed mace.
The orc wields an arbalest.
The orc shoots a bolt.
The bolt barely misses you.
You hear a shout!
An orc warrior comes into view.
It is wielding a dire flail of protection.
You see here an arrow.
Your surroundings suddenly seem different.
An orc, an orc knight and a troll come into view.
The orc knight shouts!
The orc knight unwields an uncursed broad axe.
The orc knight wields an arbalest.
The orc knight shoots a bolt.
The bolt hits you!!
You die...

.......##..
..##..##
...............
...............
...............
...............
...............
...............
...............
.......@.......
...............
...............
...............
...............
...........o...
.......T.......
...............
...............


You could see an orc knight and a troll.

Vanquished Creatures
  Gastronok (Lair:2)
  A fire dragon (Lair:6)
  An ice dragon (Lair:5)
  6 hydras
  3 two-headed ogres (D:9)
  3 death yaks (Lair:5)
  Sonja (Lair:1)
  An unseen horror (D:12)
  A wizard (D:11)
  A lindwurm (Lair:6)
  Pikel (D:7)
  A necromancer (IceCv)
  2 orc knights (Orc:2)
  2 ugly things
  Joseph (D:9)
  Maurice (D:9)
  An ice statue (IceCv)
  5 torpor snails (Lair:6)
  3 black mambas
  10 freezing wraiths (IceCv)
  A rime drake (Lair:4)
  8 spiny frogs
  2 tengu conjurers (D:12)
  3 komodo dragons
  5 polar bears
  3 trolls
  4 tyrant leeches (Lair:6)
  26 blink frogs
  7 hornets (Lair:6)
  Prince Ribbit (D:6)
  4 dream sheep (Lair:6)
  3 hippogriffs
  17 yaks
  Sigmund (D:5)
  2 wyverns
  3 wraiths
  2 basilisks
  A steam dragon (D:7)
  Grum (Lair:1)
  Eustachio (D:4)
  2 hungry ghosts
  Edmund (D:6)
  24 water moccasins
  11 porcupines
  24 orc warriors
  3 black bears
  7 ice beasts
  2 necrophages
  4 sky beasts
  10 ogres
  3 phantoms
  22 wolves
  14 centaurs
  19 crocodiles
  2 big kobolds
  The ghost of nikopol the Firebug, an amateur DEFE (D:3)
  17 bullfrogs
  A wyvern zombie (D:12)
  A gnoll sergeant (D:11)
  A water moccasin zombie (D:11)
  5 scorpions
  5 wights (D:10)
  An elephant simulacrum (IceCv)
  4 killer bees (D:10)
  An electric eel (Lair:6)
  5 crimson imps
  4 bullfrog zombies
  3 centaur zombies
  A draconian simulacrum (IceCv)
  5 hounds
  3 bullfrog skeletons
  17 orc priests
  2 jellies
  18 orc wizards
  3 centaur skeletons
  Jessica (D:3)
  7 iguanas
  6 troll simulacra (IceCv)
  11 worker ants
  4 hell rats (Lair:5)
  3 polar bear simulacra (IceCv)
  4 spriggan simulacra (IceCv)
  A centaur simulacrum (IceCv)
  2 hound skeletons
  13 gnolls
  A howler monkey skeleton (D:8)
  3 naga simulacra (IceCv)
  5 ogre simulacra (IceCv)
  24 adders
  2 shadow imps
  12 white imps (IceCv)
  An ooze (D:3)
  An adder skeleton (D:6)
  A worm (D:2)
  2 dart slugs (D:2)
  10 leopard geckos
  83 orcs
  12 giant cockroaches
  12 hobgoblins
  15 jackals
  11 kobolds
  5 quokkas
  A ball python (Lair:4)
  8 bats
  6 frilled lizards
  9 goblins
  2 rats (D:3)
  3 bushes (Lair:6)
  3 fungi
  6 plants
677 creatures vanquished.

Vanquished Creatures (others)
  2 blink frogs (Lair:5)
  2 slaves (D:8)
  An adder (D:8)
  2 orcs (D:8)
  4 jackals (D:8)
  12 fungi
  44 plants
67 creatures vanquished.

Grand Total: 744 creatures vanquished

Notes
Turn   | Place    | Note
-------+----------+-------------------------------------------
     0 | D:1      | nikopol the Deep Elf Fire Elementalist began the quest for the Orb.
     0 | D:1      | Reached XP level 1. HP: 10/10 MP: 6/6
   214 | D:1      | Reached XP level 2. HP: 12/15 MP: 1/8
  1208 | D:2      | Reached XP level 3. HP: 14/19 MP: 7/10
  1296 | D:2      | Noticed a phantom
  1305 | D:2      | Learned a level 2 spell: Throw Flame
  1316 | D:2      | Killed a phantom
  1316 | D:2      | Reached skill level 4 in Spellcasting
  1316 | D:2      | Reached XP level 4. HP: 7/24 MP: 0/12
  1536 | D:2      | Found a snail-covered altar of Cheibriados.
  1705 | D:2      | Reached XP level 5. HP: 24/28 MP: 8/13
  1949 | D:2      | Found a glowing silver altar of Zin.
  2211 | D:2      | Found a radiant altar of Vehumet.
  2214 | D:2      | Became a worshipper of Vehumet
  2221 | D:2      | Found an ancient bone altar of Kikubaaqudgha.
  2223 | D:2      | Found a deep blue altar of Sif Muna.
  2227 | D:2      | Identified Kikubaaqudgha's Catalogue of Unholy Arts
  2233 | D:2      | Learned a level 3 spell: Conjure Flame
  2239 | D:2      | Learned a level 5 spell: Fireball
  2799 | D:3      | Reached skill level 5 in Spellcasting
  3010 | D:3      | Noticed nikopol's ghost (amateur DEFE)
  3169 | D:3      | Killed nikopol's ghost
  3169 | D:3      | Reached skill level 5 in Fire Magic
  3169 | D:3      | Reached XP level 6. HP: 23/32 MP: 6/16
  3373 | D:3      | Reached * piety under Vehumet
  3373 | D:3      | Offered knowledge of Magic Dart by Vehumet.
  3785 | D:3      | Noticed Jessica
  3795 | D:3      | Killed Jessica
  4074 | D:4      | Noticed a sky beast
  4190 | D:4      | Offered knowledge of Throw Frost by Vehumet.
  4195 | D:4      | Reached ** piety under Vehumet
  4199 | D:4      | Learned a level 2 spell: Throw Frost
  4225 | D:4      | Found a shattered altar of Ashenzari.
  4396 | D:4      | Reached skill level 6 in Spellcasting
  4416 | D:4      | Reached XP level 7. HP: 27/36 MP: 1/18
  4756 | D:4      | Found Yschaitwa's Magic Scroll Shoppe.
  4764 | D:4      | Bought a scroll of remove curse for 39 gold pieces
  4764 | D:4      | Bought a scroll of magic mapping for 45 gold pieces
  4803 | D:4      | Reached skill level 7 in Spellcasting
  4850 | D:4      | Found an opulent altar of Gozag.
  4896 | D:4      | Offered knowledge of Searing Ray by Vehumet.
  5032 | D:4      | Noticed Eustachio
  5037 | D:4      | Killed Eustachio
  5037 | D:4      | Reached skill level 5 in Conjurations
  5112 | D:4      | Found a sparkling altar of Nemelex Xobeh.
  5310 | D:5      | Entered Level 5 of the Dungeon
  5337 | D:5      | Noticed Sigmund
  5365 | D:5      | Reached XP level 8. HP: 42/42 MP: 11/21
  5440 | D:5      | Killed Sigmund
  5570 | D:5      | Reached skill level 8 in Spellcasting
  5733 | D:5      | Reached *** piety under Vehumet
  6410 | D:6      | Noticed Prince Ribbit
  6423 | D:6      | Killed Prince Ribbit
  6454 | D:6      | Found a basalt altar of Yredelemnul.
  6484 | D:6      | Reached skill level 9 in Spellcasting
  6501 | D:6      | Reached XP level 9. HP: 46/46 MP: 16/24
  6722 | D:6      | Noticed Edmund
  6729 | D:6      | Killed Edmund
  7087 | D:6      | Offered knowledge of Dazzling Spray by Vehumet.
  7267 | D:6      | Found a staircase to the Ecumenical Temple.
  7707 | D:7      | Found a hazy altar of Hepliaklqana.
  7734 | D:7      | Reached skill level 10 in Spellcasting
  7950 | D:7      | Found a hide-covered altar of Uskayaw.
  8497 | D:7      | Found a burning altar of Makhleb.
  8982 | D:8      | Noticed Pikel
  9045 | D:7      | Killed Pikel
  9045 | D:7      | Reached **** piety under Vehumet
  9045 | D:7      | Reached skill level 1 in Fighting
  9045 | D:7      | Reached skill level 11 in Spellcasting
  9045 | D:7      | Reached XP level 10. HP: 33/52 MP: 19/27
  9501 | D:8      | Found a staircase to the Lair.
  9657 | D:9      | Found Exze's Weapon Emporium.
  9746 | D:9      | Found Piky's Antique Weapon Emporium.
  9766 | D:9      | Offered knowledge of Fulminant Prism by Vehumet.
  9767 | D:9      | Noticed a two-headed ogre
  9779 | D:9      | Found Wilen's Distillery.
  9782 | D:9      | Killed a two-headed ogre
  9865 | D:9      | Bought a potion of curing for 33 gold pieces
  9883 | D:9      | Noticed a two-headed ogre
  9898 | D:9      | Killed a two-headed ogre
  9898 | D:9      | Reached skill level 12 in Spellcasting
  9898 | D:9      | Reached skill level 10 in Fire Magic
  9925 | D:9      | Noticed Joseph
 10093 | D:9      | Found a blossoming altar of Fedhas.
 10099 | D:9      | Killed Joseph
 10343 | D:9      | Noticed a two-headed ogre
 10473 | D:9      | Reached skill level 5 in Stealth
 10722 | D:9      | Killed a two-headed ogre
 10779 | D:9      | Reached skill level 10 in Conjurations
 10860 | D:9      | Reached XP level 11. HP: 56/56 MP: 21/29
 10910 | D:9      | Noticed Maurice
 11113 | D:9      | Killed Maurice
 11358 | D:10     | Entered Level 10 of the Dungeon
 11525 | D:10     | Reached skill level 13 in Spellcasting
 11950 | D:10     | Reached ***** piety under Vehumet
 12464 | Lair:1   | Entered Level 1 of the Lair of Beasts
 12550 | D:8      | Offered knowledge of Spellforged Servitor by Vehumet.
 12557 | D:8      | Learned a level 5 spell: Lightning Bolt
 12560 | D:8      | Learned a level 2 spell: Swiftness
 12997 | Lair:1   | Noticed Grum
 13010 | Lair:1   | Killed Grum
 13623 | Lair:1   | Reached skill level 14 in Spellcasting
 13775 | Lair:1   | Noticed Sonja
 13775 | Lair:1   | Killed Sonja
 14303 | Lair:2   | Noticed Gastronok
 14309 | Lair:2   | Killed Gastronok
 14309 | Lair:2   | Reached skill level 5 in Dodging
 14309 | Lair:2   | Reached XP level 12. HP: 61/61 MP: 7/32
 15106 | Lair:2   | Found a staircase to the Shoals.
 15328 | Lair:3   | Noticed a five-headed hydra
 15331 | Lair:3   | Killed a five-headed hydra
 15595 | Lair:3   | Noticed a seven-headed hydra
 15598 | Lair:3   | Killed a seven-headed hydra
 15841 | Lair:3   | Reached skill level 15 in Spellcasting
 16345 | Lair:3   | Offered knowledge of Conjure Ball Lightning by Vehumet.
 16465 | Lair:3   | Noticed a seven-headed hydra
 16467 | Lair:3   | Killed a seven-headed hydra
 17932 | Lair:4   | Found a staircase to the Snake Pit.
 18353 | Lair:5   | Reached skill level 16 in Spellcasting
 18441 | Lair:5   | Found a viscous altar of Jiyva.
 18441 | Lair:5   | Found a staircase to the Slime Pits.
 18447 | Lair:5   | Reached XP level 13. HP: 63/65 MP: 28/35
 18627 | Lair:5   | Found a frozen archway.
 18775 | IceCv    | Entered an ice cave
 19349 | IceCv    | Offered knowledge of Poison Arrow by Vehumet.
 19523 | IceCv    | Found an ancient bone altar of Kikubaaqudgha.
 20185 | Lair:5   | Reached skill level 17 in Spellcasting
 20941 | Lair:6   | Entered Level 6 of the Lair of Beasts
 22192 | Lair:6   | Reached XP level 14. HP: 64/71 MP: 16/37
 22698 | Lair:6   | Found a runed door.
 22711 | Lair:6   | Reached skill level 18 in Spellcasting
 23878 | D:11     | Paralysed by a wizard for 5 turns
 24061 | D:11     | Noticed an angel
 24066 | D:11     | Offered knowledge of Bolt of Magma by Vehumet.
 24075 | D:11     | Learned a level 5 spell: Bolt of Magma
 24125 | D:11     | Found a glowing silver altar of Zin.
 24193 | D:11     | Found Jirhoc's Hallowed Reliquary.
 24201 | D:11     | Bought a potion of heal wounds for 55 gold pieces
 24201 | D:11     | Bought a potion of heal wounds for 55 gold pieces
 24306 | D:11     | Reached skill level 15 in Fire Magic
 24357 | D:11     | Found an opulent altar of Gozag.
 25403 | D:12     | Found a shimmering altar of Xom.
 25475 | D:12     | Found a runed door.
 25558 | D:12     | Found a roughly hewn altar of Beogh.
 25558 | D:12     | Found a staircase to the Orcish Mines.
 26503 | Orc:1    | Entered Level 1 of the Orcish Mines
 27191 | Orc:2    | Entered Level 2 of the Orcish Mines
 27191 | Orc:2    | Found a roughly hewn altar of Beogh.
 27297 | Orc:2    | Found a staircase to the Elven Halls.
 27815 | Orc:2    | Found Eshops's Magic Scroll Shop.
 27815 | Orc:2    | Found Ehuda's Weapon Shoppe.
 27817 | Orc:2    | Found Luiqy's Antique Armour Emporium.
 27819 | Orc:2    | Found Elyten's Armour Boutique.
 27861 | Orc:2    | Reached skill level 1 in Earth Magic
 27916 | Orc:2    | HP: 2/71 [orc warrior/bolt (22)]
 27929 | Orc:2    | Shot with a bolt by an orc knight

Vault maps used:
D:1:      minmay_arrival_hallway, minmay_small_reverse_x
D:2:      grunt_temple_overflow_magic_moments, nicolae_overflow_hidden_temple,
          marbit_many_paths
D:3:      minmay_goblin_outpost, uniq_jessica
D:4:      ashenzari_conservatory_becter,
          nicolae_gozag_cash_rules_everything_around_me, first_bread,
          serial_shops, shop, nemelex_spade_bored_becter, uniq_eustachio
D:5:      serial_bayou, serial_bayou_lagoon_b, serial_bayou_pond_b,
          serial_bayou_lake_a, serial_bayou_shore_b, serial_bayou_pond_c,
          minmay_misc_feat_cross, uniq_sigmund
D:6:      overflow_temple_1_default, minmay_temple_entry_glassed_door,
          uniq_prince_ribbit1, uniq_edmund
D:7:      kennysheep_mini_moat, nicolae_overflow_crystal_walls, basic_altar
D:8:      grunt_lair_entry_orc_guard_hut, uniq_pikel
D:9:      kennysheep_mini, serial_shops, nicolae_shop_behind_doors, shop_statue,
          shop, uniq_maurice, uniq_joseph
D:11:     kennysheep_big_flooded_room, basic_altar, blue_anna_alchemist,
          nicolae_good_shop
D:12:     david_orc_5, basic_altar, minmay_crystal_box
Lair:1:   cheibrodos_lair_reptile_den, uniq_sonja, uniq_grum
Lair:2:   elwin_shoals_entry_rocks, infiniplex_staircase_pool, uniq_gastronok
Lair:3:   cheibrodos_lair_river_kwai, grunt_megastairs_5
Lair:4:   minmay_snake_entry_six_corridors
Lair:5:   dpeg_slime_entry_enclosed_altar,
          portal_ice_cave_entry_animals_and_master, minivault_25, st_stairs_3,
          grunt_megastairs_4
Lair:6:   wormcave
Orc:2:    st_orc_rangers, basic_altar
IceCv:    ice_cave_small_necro

Skill      XL: |  1  2  3  4  5  6  7  8  9 10 11 12 13 14 |
---------------+-------------------------------------------+-----
Fire Magic     | 4 5 6 7 9 10 12 13 14 15 | 15.3
Spellcasting   | 4 5 6 7 9 11 12 14 16 17 18 | 18.6
Conjurations   | 2 3 4 5 7 8 10 11 12 13 14 | 14.3
Dodging        | 3 5 6 |  6.1
Stealth        | 3 4 5 |  5.4
Fighting       | 1 |  1.9
Earth Magic    | 1 |  1.0
Short Blades   | |  0.4
Charms         | |  0.8
Air Magic      | |  0.4

Action                   |  1- 3 |  4- 6 |  7- 9 | 10-12 | 13-15 || total
-------------------------+-------+-------+-------+-------+-------++-------
Melee: Dagger            |     9 |       |       |       |       ||     9
 Cast: Flame Tongue      |    52 |   173 |   241 |   478 |   316 ||  1260
       Conjure Flame     |       |     5 |    17 |    34 |     8 ||    64
       Throw Flame       |       |     6 |    33 |    92 |   141 ||   272
       Throw Frost       |       |       |     9 |     3 |       ||    12
       Fireball          |       |       |     2 |    68 |   131 ||   201
       Swiftness         |       |       |       |       |     2 ||     2
       Bolt of Magma     |       |       |       |       |    47 ||    47
       Lightning Bolt    |       |       |       |       |     4 ||     4
  Use: Scroll            |       |       |       |    22 |     9 ||    31
       Potion            |       |       |       |       |     1 ||     1
  Eat: Chunk             |       |    11 |    14 |    27 |    26 ||    78
       Fruit             |       |       |       |     4 |     3 ||     7
Armor: Robe              |     8 |    11 |     8 |    23 |    38 ||    88
Dodge: Dodged            |    33 |    32 |    31 |    99 |    93 ||   288

Table legend:
 A = Spawn XP
 B = Non-spawn XP
 C = Spawn XP percentage of total XP
 D = Spawn monster count
 E = Non-spawn monster count
 F = Spawn count percentage of total count
 G = Total turns spent on level
                    A         B        C        D         E        F      G
               +---------+---------+-------+---------+---------+-------+---------
         Total |       0 |   83582 |   0.0 |       0 |     665 |   0.0 | 27929
               +---------+---------+-------+---------+---------+-------+---------
           D:1 |       0 |      40 |   0.0 |       0 |      22 |   0.0 |  1193
           D:2 |       0 |     187 |   0.0 |       0 |      21 |   0.0 |  1180
           D:3 |       0 |     333 |   0.0 |       0 |      46 |   0.0 |  1739
           D:4 |       0 |     707 |   0.0 |       0 |      36 |   0.0 |  1198
           D:5 |       0 |    1093 |   0.0 |       0 |      22 |   0.0 |  1053
           D:6 |       0 |    1481 |   0.0 |       0 |      21 |   0.0 |  1217
           D:7 |       0 |    1393 |   0.0 |       0 |      14 |   0.0 |  1257
           D:8 |       0 |    1560 |   0.0 |       0 |      32 |   0.0 |  1487
           D:9 |       0 |    5849 |   0.0 |       0 |      36 |   0.0 |  1574
          D:10 |       0 |    1978 |   0.0 |       0 |      34 |   0.0 |  1100
          D:11 |       0 |    3165 |   0.0 |       0 |      27 |   0.0 |  1271
          D:12 |       0 |    5334 |   0.0 |       0 |      49 |   0.0 |  1734
        Lair:1 |       0 |    5985 |   0.0 |       0 |      31 |   0.0 |  1202
        Lair:2 |       0 |    3601 |   0.0 |       0 |      10 |   0.0 |  1374
        Lair:3 |       0 |    8449 |   0.0 |       0 |      33 |   0.0 |  1534
        Lair:4 |       0 |    3427 |   0.0 |       0 |      23 |   0.0 |  1242
        Lair:5 |       0 |   10678 |   0.0 |       0 |      42 |   0.0 |  2129
        Lair:6 |       0 |   17359 |   0.0 |       0 |      59 |   0.0 |  2104
         Orc:1 |       0 |     954 |   0.0 |       0 |      20 |   0.0 |   688
         Orc:2 |       0 |    3801 |   0.0 |       0 |      33 |   0.0 |   738
         IceCv |       0 |    6208 |   0.0 |       0 |      54 |   0.0 |   915
               +---------+---------+-------+---------+---------+-------+---------
